AoeStats
← Pinhead Larry

Hideout

508806541Analyzed
1v1 RM · 8d ago on Sep 24, 2026· 76m 32s· 2 players
Game mode
Random Map
Map size
Tiny (2 player)
Population
200
Speed
Normal
Resources
Standard
Victory
Conquest
Starting age
Dark Age
Ending age
Imperial Age
RankedLock teamsTeams togetherTeam positionsShared explorationLock speedFull tech treeHidden civsTurbo modeCheats
Victory
Defeat
🇺🇸 Spanish · United States
893
+18
🇲🇽 Teutons · Mexico
929
-27
Pinhead Larry
0:26 Loom
10:43 Feudal Age
16:36 Castle Age
15:03 Double-Bit Axe
15:14 Stone Mining
15:21 Horse Collar
15:57 Gold Mining
19:59 Fletching
27:51 Forging
29:47 Squires
29:59 Gambesons
30:25 Scale Mail Armor
32:02 Arson
34:35 Chain Mail Armor
35:32 Bodkin Arrow
36:38 Iron Casting
44:06 Padded Archer Armor
46:21 Fortified Wall
45:46 Elite Skirmisher
47:22 Stone Shaft Mining
47:41 Masonry
52:05 Pikeman
53:41 Heavy Plow
55:39 Ballistics
56:25 Bloodlines
56:25 Town Watch
57:03 Scale Barding Armor
61:15 Imperial Age
60:15 Wheelbarrow
61:32 Town Patrol
61:53 Hand Cart
63:28 Crenellations
63:44 Town Patrol
Rob Stark
11:52 Feudal Age
17:08 Castle Age
15:30 Horse Collar
16:15 Loom
34:27 Imperial Age
35:06 Wheelbarrow
34:34 Heavy Plow
39:16 Double-Bit Axe
41:03 Hand Cart
42:59 Murder Holes
44:06 Chemistry
43:05 Murder Holes
43:27 Bloodlines
45:44 Cavalier
47:34 Thumb Ring
50:20 Husbandry
52:33 Bow Saw
52:16 Gold Mining
52:16 Stone Mining
52:48 Ballistics
52:49 Bombard Tower
52:16 Town Watch
53:17 Light Cavalry
55:59 Scale Barding Armor
56:04 Forging
55:55 Scale Mail Armor
55:46 Fletching
55:57 Padded Archer Armor
56:15 Fervor
56:22 Block Printing
56:12 Devotion
56:35 Sanctity
56:42 Illumination
56:56 Theocracy
57:30 Paladin
59:24 Stone Shaft Mining
59:16 Redemption
59:28 Masonry
60:09 Iron Casting
59:55 Chain Barding Armor
59:51 Chain Mail Armor
60:13 Conscription
60:34 Inquisition
60:29 Hussar
64:01 Blast Furnace
63:37 Plate Barding Armor
63:33 Plate Mail Armor
63:18 Leather Archer Armor
62:58 Bodkin Arrow
67:22 Architecture
Connection lost

Rejoining the realm…

Still unreachable

The connection could not be restored.

Session expired

The server has moved on; the page needs a fresh start.